AoeStats
← crissivan33

Migration

508941549Analyzed
1v1 RM · 7d ago on Sep 24, 2026· 81m 3s· 2 players
Game mode
Random Map
Map size
132×132
Population
200
Speed
Normal
Resources
Standard
Victory
Conquest
Starting age
Dark Age
Ending age
Imperial Age
RankedLock teamsTeams togetherTeam positionsShared explorationLock speedFull tech treeHidden civsTurbo modeCheats
Victory
Defeat
🇹🇷 Varangians · Türkiye
1168
+17
🇨🇴 Byzantines · Colombia
1198
-17
kern
0:50 Loom
11:58 Feudal Age
12:25 Double-Bit Axe
16:30 Castle Age
16:32 Fletching
17:25 Bow Saw
17:23 Bodkin Arrow
22:35 Fishing Lines
24:11 Horse Collar
25:27 Heavy Plow
25:57 Gold Mining
28:42 Wheelbarrow
32:52 Imperial Age
31:35 Wheelbarrow
32:25 Forging
33:52 Iron Casting
34:10 Scale Barding Armor
34:24 Bloodlines
34:15 Husbandry
34:51 Elite Jarl
36:25 Chain Barding Armor
37:34 Blast Furnace
38:13 Plate Barding Armor
39:43 Conscription
42:38 Stone Mining
43:21 Hand Cart
48:20 Elite Longship
49:01 Bracer
49:23 Gambesons
51:17 Ballistics
53:27 Two-Man Saw
55:13 Siege Engineers
58:13 Chemistry
69:05 Padded Archer Armor
68:48 Elite Skirmisher
72:11 Leather Archer Armor
crissivan33
6:52 Loom
11:15 Feudal Age
11:45 Fishing Lines
11:53 Double-Bit Axe
17:46 Gold Mining
20:50 Castle Age
18:43 Stone Mining
20:57 Fletching
22:09 Medium Warships
22:16 Bow Saw
22:06 Bodkin Arrow
22:19 Gillnets
23:17 Scale Barding Armor
26:26 Chain Barding Armor
27:52 Gold Shaft Mining
28:10 Careening
28:14 Horse Collar
31:18 Wheelbarrow
36:20 Imperial Age
34:35 Clinker Construction
34:46 Ballistics
34:59 Forging
37:00 Iron Casting
36:36 Husbandry
38:10 Chemistry
39:29 Plate Barding Armor
40:32 Bracer
43:12 Carvel Hull
45:50 Padded Archer Armor
45:51 Treadmill Crane
46:23 Crossbowman
47:12 Thumb Ring
56:00 Arbalester
63:25 Heavy Warships
73:16 Horse Collar
80:35 Elite Skirmisher
Connection lost

Rejoining the realm…

Still unreachable

The connection could not be restored.

Session expired

The server has moved on; the page needs a fresh start.